 Dungeon Crawl Stone Soup version 0.31-a0-321-g19405a7a6a (webtiles) character file.

Game seed: 4587627132248285449

95 cforsyth the Changeling (level 4, -9/51 HPs)
             Began as a Vampire Shapeshifter on July 18, 2023.
             Mangled by an ogre
             ... wielding a +0 giant club
              (12 damage)
             ... on level 3 of the Dungeon.
             The game lasted 00:03:08 (2047 turns).

cforsyth the Changeling (Vampire Shapeshifter)      Turns: 2047, Time: 00:03:08

Health: -9/51      AC: 22    Str: 22    XL:     4   Next: 39%
Magic:  4/4        EV:  2    Int: 10    God:
Gold:   110        SH:  0    Dex: 14    Spells: 3/3 levels left

rFire   . .          .
                       - Unarmed
rCold   . . .        (no shield)
rNeg    + . .        a - melded +0 animal skin
rPois   +            (helmet currently unavailable)
rElec   .            (cloak currently unavailable)
rCorr   .            (gloves currently unavailable)
SInv    +            (boots currently unavailable)
Will    .....        (no amulet)
Stlth   +            d - ring of positive energy
HPRegen 0.48/turn    e - +6 ring of strength
MPRegen 0.09/turn

%: no passive effects
@: tree-form, healing quickly
A: stationary, stasis, torment immunity, boosted hp, alive, (fangs 3), see
invisible, vampiric 2
a: Exsanguinate


You were on level 3 of the Dungeon.
You were a tree.
You visited 1 branch of the dungeon, and saw 3 of its levels.

You collected 110 gold pieces.

Inventory:

Armour
 a - a +0 animal skin (melded)
Jewellery
 d - a ring of positive energy (left branch)
 e - a +6 ring of strength (right branch)
 h - a +6 ring of intelligence
Talismans
 c - a beast talisman
Scrolls
 f - a scroll of fear {unknown}
 j - a scroll of poison {unknown}
 k - a scroll of revelation {unknown}
Potions
 b - a potion of lignification
 g - 2 potions of curing {unknown}
 i - 2 potions of heal wounds {unknown}
 l - 2 potions of enlightenment {unknown}


   Skills:
 + Level 2.8 Fighting
 - Level 2.1 Dodging
 + Level 3.4 Unarmed Combat
 + Level 4.0 Shapeshifting


You had 3 spell levels left.
You didn't know any spells.
Your spell library contained the following spells:

 Spells                   Type           Power      Damage    Failure   Level
 Poisonous Vapours        Pois/Air       0%         N/A       50%         2
 Swiftness                Air            0%         N/A       75%         3
 Manifold Assault         Tloc           0%         N/A       98%         4
 Dispersal                Tloc           0%         N/A       100%        6
 Disjunction              Tloc           0%         N/A       100%        8


Dungeon Overview and Level Annotations

Branches:
Dungeon (3/15)

Altars:

Shops:
D:1 [:!(?


Innate Abilities, Weirdness & Mutations

You are a tree.
Your roots penetrate the ground, keeping you stationary.
You cannot be teleported.
You are immune to unholy pain and torment.
Your maximum health is greatly increased.
Your equipment is partially melded.
Your natural rate of healing is accelerated.
((You have razor-sharp teeth.))
You have supernaturally acute eyesight. (SInv)
You are afflicted with vampirism and can become a bat while bloodless.


Message History

You now have 110 gold pieces (gained 4).
You enter the shallow water.
Moving in this stuff is going to be slow.
An ogre comes into view. It is wielding a +0 giant club.
The ogre shouts!
An ogre is nearby!
An ogre is nearby!
An ogre is nearby!
An ogre is nearby!
Okay, then.
Unknown command.
Found a broad axe.
Really quaff the potion of lignification?
Your transformation has ended.
You turn into a tree.
Your +0 animal skin melds into your body.
Your roots penetrate the ground.
You barely miss the ogre.
The ogre hits you with a +0 giant club!!
You hit the ogre.
The ogre is lightly wounded.
A rat comes into view.
The ogre hits you with a +0 giant club!
You hit the ogre. You punch the ogre.
The ogre is moderately wounded.
You barely miss the ogre.
The ogre is moderately wounded.
The ogre hits you with a +0 giant club.
You hit the ogre.
The ogre is heavily wounded.
The rat bites you but does no damage.
You hit the ogre. You punch the ogre.
The ogre is heavily wounded.
The ogre hits you with a +0 giant club!!
* * * LOW HITPOINT WARNING * * *
The rat bites you but does no damage.
You hit the ogre.
The ogre is severely wounded.
The rat barely misses you. The ogre hits you with a +0 giant club!
You die...

≈≈~≈≈ #. .~~.~~~.~.
# #. ####.≈≈≈≈≈.≈≈
#.#) ...~≈♣ ♣≈~≈♣
.#. #..≈♣ ♣≈~≈♣ ..
#.O≈♣♣♣≈~≈♣ #.
#.~≈≈≈≈≈.≈≈
#r########~.~~~....
#.♣O..........#....
#############.#####
#.# ###


You could see an ogre and a rat.

Vanquished Creatures
  3 gnolls
  3 worms
  2 dart slugs (D:1)
  4 endoplasms
  A giant cockroach (D:1)
  7 hobgoblins
  3 jackals (D:2)
  5 kobolds
  2 quokkas
  6 ball pythons
  5 bats
  2 frilled lizards (D:1)
  4 goblins
  4 rats
51 creatures vanquished.

Notes
Turn   | Place    | Note
-------+----------+-------------------------------------------
     0 | D:1      | cforsyth the Vampire Shapeshifter began the quest for the
                  | Orb.
     0 | D:1      | Reached XP level 1. HP: 16/16 MP: 1/1
   108 | D:1      | Reached XP level 2. HP: 17/22 MP: 2/2
   135 | D:1      | Got the Atlas of Hazy Blight
   153 | D:1      | Found Bala's Book Shoppe.
   399 | D:1      | Found Cyqoruics's Antique Weapon Boutique.
   414 | D:1      | Found Guguusm's Distillery.
   439 | D:1      | Found Rautaeg's Antique Armour Boutique.
   559 | D:1      | Found Luruighoi's Magic Scroll Emporium.
   582 | D:1      | Gained mutation: You are afflicted with vampirism and can
                  | become a bat while bloodless. [Vampire growth]
   582 | D:1      | Reached XP level 3. HP: 27/28 MP: 3/3
   637 | D:2      | Identified the +0 spear of Crusades {freeze, rElec Str+3
                  | Int+2 Stlth-}
   729 | D:2      | Found a faded altar of an unknown god.
   923 | D:2      | Identified the +0 leather armour "Pihykk" {Harm +Inv Will-
                  | Str+4}
  1321 | D:2      | Reached XP level 4. HP: 22/34 MP: 4/4
  1676 | D:2      | Reached skill level 4 in Shapeshifting
  2028 | D:3      | Noticed an ogre
  2046 | D:3      | HP: 2/51 [ogre/+0 giant club (18)]
  2047 | D:3      | Mangled by an ogre

Illustrated notes

Levels and vault maps discovered:
D:1:      heliophobic_arrival_henge, layout_basic, serial_shops, shop,
          nicolae_shop_tiny_glass, shop, nicolae_shop_industrial_runoff,
          nicolae_shop_just_a_little_nook
D:2:      layout_basic, dreamdust_ecumenical_altar_angels_and_demons
D:3:      layout_basic, amcnicky_altar_gilded, nicolae_qazlal_beasts_of_the_sky,
          mainiacjoe_overflow_cross_hatched, kennysheep_boxes

Skill      XL: |  1  2  3  4 |
---------------+-------------+-----
Fighting       | 2 |  2.8
Unarmed Combat | 3 |  3.4
Shapeshifting  | 4 |  4.0
Dodging        | |  2.1

Action                     |  1- 3 |  4- 6 || total
---------------------------+-------+-------++-------
  Melee: Unarmed           |    95 |    44 ||   139
         Bite              |    11 |     3 ||    14
         Punch             |     3 |     4 ||     7
    Use: Potion            |       |     1 ||     1
   Stab: Sleeping          |       |     1 ||     1
 Armour: Animal skin       |    19 |     9 ||    28
         Skin              |       |     2 ||     2
  Dodge: Dodged            |    44 |    33 ||    77

Table legend: (Time is in decaauts)
 A = Elapsed time spent in this place.
 B = Non-inter-level travel time spent in this place.
 C = Inter-level travel time spent in this place.
 D = Time resting spent in this place.
 E = Time spent auto-exploring this place.
 F = Levels seen in this place.
 G = Mean time per level.
                   A        B        C        D        E       F      G
               +--------+--------+--------+--------+--------+-----+--------+
         Total |   2043 |   2012 |     31 |      0 |   1616 |   3 |  681.0 |
       Dungeon |   2043 |   2012 |     31 |      0 |   1616 |   3 |  681.0 |
               +--------+--------+--------+--------+--------+-----+--------+

Top non-repeatable levels by time:
     D:2: 1014 daAuts
     D:1: 633 daAuts
     D:3: 396 daAuts
